 Dungeon Crawl Stone Soup version 0.31.0-4-g52a2dc7128 (webtiles) character file.

Game seed: 1300964867118457832

18 Aphynety the Firebug (level 2, 0/15 HPs)
             Began as a Deep Elf Fire Elementalist on Jan 23, 2024.
             Slain by a ribbon worm (1 damage)
             ... on level 2 of the Dungeon.
             The game lasted 00:09:01 (1094 turns).

Aphynety the Firebug (Deep Elf Fire Elementalist)   Turns: 1094, Time: 00:09:02

Health: 0/15       AC:  2    Str:  5    XL:     2   Next: 51%
Magic:  3/8        EV:  6    Int: 19    God:
Gold:   57         SH:  0    Dex: 15    Spells: 6/7 levels left

rFire   + . .        c - +0 whip (freeze)
rCold   . . .        (no shield)
rNeg    . . .        a - +0 robe
rPois   .            (no helmet)
rElec   .            (no cloak)
rCorr   .            (no gloves)
SInv    .            (no boots)
Will    .....        (no amulet)
Stlth   ++           g - ring of protection from fire
HPRegen 0.22/turn    (no ring)
MPRegen 0.11/turn

%: no passive effects
@: held
A: no striking features
a: no special abilities


You were on level 2 of the Dungeon.
You visited 1 branch of the dungeon, and saw 2 of its levels.

You collected 57 gold pieces.

Inventory:

Hand Weapons
 c - a +0 whip of freezing (weapon)
Armour
 a - a +0 robe (worn)
Jewellery
 g - a ring of protection from fire (left hand)
Talismans
 j - a serpent talisman
Scrolls
 d - a scroll of fear {unknown}
 e - 2 scrolls of identify {unknown}
 f - a scroll of vulnerability {unknown}
Potions
 b - 2 potions of magic
 h - a potion of curing {unknown}
 i - a potion of resistance {unknown}


   Skills:
 + Level 2.5 Dodging
 + Level 2.5 Stealth
 + Level 3.3 Spellcasting
 + Level 1.3 Conjurations
 + Level 3.9 Fire Magic


You had 6 spell levels left.
You knew the following spells:

 Your Spells              Type           Power      Damage    Failure   Level
a - Foxfire               Conj/Fire      52%        2x1d6     4%          1

Your spell library contained the following spells:

 Spells                   Type           Power      Damage    Failure   Level
 Scorch                   Fire           36%        2d6       4%          2
 Inner Flame              Hex/Fire       10%        N/A       21%         3
 Volatile Blastmotes      Fire/Tloc      20%        2d11      21%         3
 Flame Wave               Conj/Fire      13%        2d6       45%         4


Dungeon Overview and Level Annotations

Branches:
Dungeon (2/15)

Altars:


Message History

You kill the bat!
A ribbon worm comes into view.
Found a peridot ring.
You conjure some foxfire!
There are no items here.
The foxfire hits the ribbon worm but does no damage.
The foxfire hits the ribbon worm.
The ribbon worm is lightly wounded.
You conjure some foxfire!
You conjure some foxfire!
The foxfire hits the ribbon worm.
The ribbon worm is lightly wounded.
Your foxfire dissipates!
Your foxfire dissipates!
You see here 2 stones.
You conjure some foxfire!
The foxfire hits the ribbon worm.
The ribbon worm is moderately wounded.
You conjure some foxfire!
You conjure some foxfire!
Your foxfire dissipates!
The foxfire hits the ribbon worm.
The ribbon worm is lightly wounded.
The foxfire hits the ribbon worm.
The ribbon worm is lightly wounded.
You conjure some foxfire!
Your foxfire dissipates!
The foxfire hits the ribbon worm.
The ribbon worm is moderately wounded.
A ribbon worm is nearby!
The ribbon worm expels a string of sticky webbing.
The stream of webbing hits you but does no damage.
You are caught in a web!
You begin untransforming.
You continue untransforming. x3
The ribbon worm closely misses you.
Your transformation has ended.
Your +0 whip of freezing unmelds from your body.
Your +0 robe unmelds from your body.
Your +0 whip of freezing glows with a cold blue light!
The ribbon worm bites you.
You die...

... ##v.. #.# =§w#
###.# ..§ .
#...#####.##§...
#.#(............
.#####...########.###
#.........#
#########w# #@# #.#
#.#####.###
#..<.......
#######.###


You could see a ribbon worm.

Vanquished Creatures
  3 bats
  3 hobgoblins (D:1)
  3 ball pythons (D:1)
  A frilled lizard (D:1)
  A goblin (D:1)
  6 kobolds (D:1)
  2 rats (D:1)
19 creatures vanquished.

Vanquished Creatures (others)
  46 foxfires
46 creatures vanquished.

Grand Total: 65 creatures vanquished

Notes
Turn   | Place    | Note
-------+----------+-------------------------------------------
     0 | D:1      | Aphynety the Deep Elf Fire Elementalist began the quest for
                  | the Orb.
     0 | D:1      | Reached XP level 1. HP: 10/10 MP: 6/6
   196 | D:1      | Reached XP level 2. HP: 15/15 MP: 0/8
  1094 | D:2      | Slain by a ribbon worm

Illustrated notes

Levels and vault maps discovered:
D:1:      minmay_arrival_loop, layout_loops_corners, minmay_box_of_dots
D:2:      layout_loops_ring, serial_shops, nicolae_shop_waterfront

Action                     || total
---------------------------++-------
  Melee: Whip              ||    10
   Cast: Foxfire           ||    32
   Stab: Sleeping          ||     3
 Armour: Robe              ||     7
  Dodge: Dodged            ||     7
         Form:             ||     1
         Serpent           ||     1
